Description

/r/allthingsprotoss guide

VOD

https://www.youtube.com/watch?v=XPD3U2iMnuU&feature=youtu.be&t=241

Replay - A.I. 1 (Very Easy) v Gemini - Bel'Shir Vestige LE (Void)

Build Order

Get SALT Encoding   

  12  0:01  Probe (Chrono Boost)  
  13  0:11  Probe (Chrono Boost)  
  14  0:18  Pylon  
  14  0:22  Probe (Chrono Boost)  
  15  0:37  Gateway, Probe (Chrono Boost)  
  16  0:44  Assimilator  
  16  0:47  Probe (Chrono Boost)  
  17  0:58  Probe (Chrono Boost)  
  18  1:09  Probe (Chrono Boost)  
  19  1:21  Nexus  
  19  1:24  Probe (Chrono Boost)  
  20  1:34  Cybernetics Core  
  20  1:37  Probe (Chrono Boost)  
  21  1:43  Assimilator  
  21  1:48  Probe (Chrono Boost)  
  22  1:54  Pylon  
  23  2:09  Adept  
  26  2:20  Stargate  
  26  2:28  Warp Gate  
  27  2:33  Adept  
  34  2:59  Oracle  
  34  3:00  Adept  
  41  3:11  Pylon  
  45  3:32  Phoenix  
  49  3:41  Nexus  
  49  3:44  Pylon  
  51  3:58  Phoenix  
  55  4:11  Gateway x2  
  55  4:12  Assimilator x2  
  55  4:15  Pylon  
  55  4:22  Phoenix  
  62  4:34  Mothership Core (Chrono Boost)  
  62  4:43  Phoenix  
  63  4:52  Robotics Facility  
  67  4:58  Twilight Council, Forge  
  70  5:09  Phoenix  
  74  5:21  Resonating Glaives  
  78  5:38  Gateway x3  
  78  5:42  Observer  
  81  5:46  Gateway x2  
  81  5:49  Sentry  
  83  5:50  Adept  
  88  6:00  Adept  
  90  6:06  Assimilator  
  90  6:08  Immortal  
  92  6:14  Assimilator  
  96  6:24  Adept x3  
  104  6:39  Adept x2  
Spawning Tool Build Advisor. Get it on Overwolf

Go to:

Details

Become a Patron
  • Created by: Gemini_19    
  • Published on: Feb 07, 2017
  • Patch: 3.8.0
Show
View Real Time Build Order
Export as new Build Order

Comments (1)

On Sept. 14, 2017, 8:36 a.m., grijzed  said:

Im having problems with early pressure with this build. also you have to be really active with the phoenixes and its really hard for me at this lvl Plat 1.

Create an account to comment!